 Dungeon Crawl Stone Soup version 0.28-a0-863-g8cecda6153 (webtiles) character file.

Game seed: 5485527210995824938

2677 bande the Chopper (level 9, -1/55 HPs)
             Began as a Gargoyle Fighter on Nov 17, 2021.
             Was a Believer of Okawaru.
             Slain by a gnoll (5 damage)
             ... in a bailey.
             The game lasted 00:12:26 (9033 turns).

bande the Chopper (Gargoyle Fighter)                Turns: 9033, Time: 00:12:27

Health: -1/55      AC: 19    Str: 20    XL:     9   Next: 64%
Magic:  9/9        EV:  7    Int: 10    God:    Okawaru [**....]
Gold:   321        SH: 12    Dex: 17    Spells: 8/8 levels left

rFire   + . .      SeeInvis .   k - +0 hand axe (flame)
rCold   . . .      Faith    .   c - +1 buckler
rNeg    + . .      Spirit   .   v - +0 chain mail
rPois   ∞          Reflect  +   f - +0 helmet
rElec   +          Harm     .   (no cloak)
rCorr   .          Rampage  .   t - +0 pair of gloves
Will    .....                   (no boots)
Stlth   ..........              h - amulet of reflection
HPRegen 0.18/turn               e - ring of protection from fire
MPRegen 0.11/turn               j - +6 ring of dexterity

@: mighty
A: sickness immunity, AC +6, negative energy resistance 1, electricity
resistance, torment resistance 1, petrification resistance
a: Renounce Religion, Heroism


You were in a bailey.
You worshipped Okawaru.
Okawaru was pleased with you.
You visited 2 branches of the dungeon, and saw 8 of its levels.
You also visited: Sewer and Bailey.

You collected 321 gold pieces.

Inventory:

Hand Weapons
 a - a +1 war axe
 k - a +0 hand axe of flaming (weapon)
Missiles
 l - 3 throwing nets (quivered)
Armour
 c - a +1 buckler (worn)
 f - a +0 helmet (worn)
 t - a +0 pair of gloves (worn)
 v - a +0 chain mail (worn)
Jewellery
 e - a ring of protection from fire (left hand)
 h - an amulet of reflection (around neck)
 j - a +6 ring of dexterity (right hand)
 u - an amulet of faith
Wands
 n - a wand of mindburst (14)
 p - a wand of flame (58)
Scrolls
 s - a scroll of blinking
Potions
 d - 2 potions of might
 g - a potion of haste
 i - 3 potions of curing
 m - a potion of resistance {unknown}
 o - a potion of brilliance {unknown}
 q - 2 potions of magic
 r - a potion of mutation {unknown}
 w - a potion of flight {unknown}


   Skills:
 + Level 5.7 Fighting
 + Level 7.4 Axes
 + Level 6.8 Armour
 - Level 0.5 Stealth
 + Level 7.0 Shields
 * Level 4.1 Evocations


You had 8 spell levels left.
You didn't know any spells.
Your spell library contained the following spells:

 Spells                   Type           Power      Damage    Failure   Level
 Slow                     Hex            0%         N/A       97%         1
 Confusing Touch          Hex            0%         N/A       100%        3
 Vampiric Draining        Necr           0%         2d6       100%        3
 Airstrike                Air            0%         N/A       100%        4
 Lightning Bolt           Conj/Air       0%         1d11      100%        5
 Summon Lightning Spire   Summ/Air       Unusable   N/A       N/A         4

Dungeon Overview and Level Annotations

Branches:
Dungeon (7/15)             Temple (1/1) D:6           Sewer (visited)
 Bailey (1/1)

Altars:
Ashenzari
Cheibriados
Gozag
Hepliaklqana
Nemelex Xobeh
Okawaru
Ru
Sif Muna
Trog
Uskayaw
Vehumet
Wu Jian
Xom
Yredelemnul
The Shining One


Innate Abilities, Weirdness & Mutations

You are immune to sickness and miasma.
Your stone body is resilient. (AC +6)
You are immune to poison.
You resist negative energy. (rN+)
You are resistant to electric shocks. (rElec)
You are resistant to unholy torment.
You are immune to petrification.


Message History

You block the gnoll sergeant's attack. The gnoll barely misses you.
You block the gnoll's attack.
The gnoll shaman hits you but does no damage.
You feel very mighty all of a sudden.
The gnoll sergeant hits you from afar with a +0 halberd.
The gnoll hits you with a +0 trident. The gnoll hits you but does no damage.
You block the gnoll sergeant's attack. The gnoll hits you but does no damage.
The gnoll sergeant hits you from afar with a +0 halberd.
The gnoll shaman calls upon its god to speed up the gnoll sergeant.
The gnoll sergeant seems to speed up.
The gnoll completely misses you.
You slash the gnoll shaman! You burn the gnoll shaman.
You kill the gnoll shaman!
Okawaru accepts your kill.
You hit the gnoll sergeant but do no damage.
You hit the gnoll. You burn the gnoll.
The gnoll sergeant hits you with a +0 halberd.
The gnoll hits you but does no damage. You block the gnoll sergeant's attack.
You block the gnoll's attack. The gnoll hits you with a +0 trident!
* * * LOW HITPOINT WARNING * * *
You block the gnoll sergeant's attack. You block the gnoll sergeant's attack.
The gnoll barely misses you. You block the gnoll sergeant's attack.
The gnoll hits you but does no damage. You block the gnoll's attack.
You block the gnoll sergeant's attack.
The gnoll hits you from afar with a +0 trident.
* * * LOW HITPOINT WARNING * * *
Unknown command.
You hit the gnoll sergeant but do no damage.
You closely miss the gnoll sergeant. You hit the gnoll. You burn the gnoll.
You block the gnoll sergeant's attack. The gnoll closely misses you.
You block the gnoll's attack.
The gnoll sergeant hits you but does no damage.
The gnoll hits you but does no damage. You block the gnoll's attack.
The gnoll sergeant hits you but does no damage.
You hit the gnoll sergeant but do no damage.
You closely miss the gnoll.
Your chain mail prevents you from hitting the gnoll sergeant.
The gnoll sergeant hits you with a +0 halberd.
* * * LOW HITPOINT WARNING * * *
The gnoll hits you from afar with a +0 trident.
You die...

♣≈≈≈≈≈≈ ♣♣≈≈...#
♣.≈..# ♣♣.≈..#
♣♣..≈..# ♣...≈..# ###
♣...≈..# ...#
♣♣...≈..##### .....
#♣♣♣......gg@.g#.g.$gg
#∩.÷∩.)....gg)g'...8..
#♣♣♣..)....'...#...$..
♣♣...≈..######.....
♣♣..≈..# #...# ♣..≈..#
#### ♣..≈..# ♣♣.≈..#
♣.≈..#


You could see 2 gnoll sergeants and 4 gnolls.

Vanquished Creatures
  A troll (D:6)
  Sigmund (D:5)
  A yak (D:6)
  Edmund (D:4)
  A vampire mosquito (D:6)
  A sky beast (D:6)
  3 ogres
  2 centaurs
  A phantom (D:6)
  A kobold brigand (D:6)
  3 bullfrogs
  A water moccasin skeleton (D:5)
  3 killer bees (D:7)
  3 howler monkeys (D:4)
  2 centaur zombies
  2 centaur skeletons
  A gnoll shaman (Bailey)
  2 hounds (Bailey)
  3 bullfrog skeletons
  3 iguanas
  A killer bee zombie (D:4)
  A hound zombie (D:5)
  A hound skeleton (D:5)
  Robin (D:2)
  11 gnolls
  8 adders
  A shadow imp (D:4)
  3 white imps
  3 ufetubi
  4 worms
  3 dart slugs
  7 orcs
  6 ball pythons
  6 bats
  8 endoplasms
  10 giant cockroaches
  10 goblins
  8 hobgoblins
  2 jackals (D:2)
  11 kobolds
  5 quokkas
  8 frilled lizards
  5 rats
159 creatures vanquished.

Notes
Turn   | Place    | Note
-------+----------+-------------------------------------------
     0 | D:1      | bande the Gargoyle Fighter began the quest for the Orb.
     0 | D:1      | Reached XP level 1. HP: 14/14 MP: 1/1
   103 | D:1      | Reached XP level 2. HP: 20/20 MP: 2/2
   293 | D:1      | Found a faded altar of an unknown god.
   452 | D:1      | Reached XP level 3. HP: 24/24 MP: 3/3
  1212 | D:2      | Noticed Robin
  1239 | D:2      | Killed Robin
  1240 | D:2      | Reached XP level 4. HP: 19/29 MP: 4/4
  2128 | D:3      | Found an opulent altar of Gozag.
  2396 | D:3      | Reached XP level 5. HP: 21/33 MP: 5/5
  2592 | D:3      | Found a basalt altar of Yredelemnul.
  2812 | D:3      | Found an ornate altar of the Wu Jian Council.
  3139 | D:4      | Found a glowing drain.
  3143 | Sewer    | Entered a sewer
  3250 | Sewer    | Reached XP level 6. HP: 37/39 MP: 6/6
  3858 | D:4      | Found a hazy altar of Hepliaklqana.
  3865 | D:4      | Found a glowing golden altar of the Shining One.
  4314 | D:5      | Entered Level 5 of the Dungeon
  4497 | D:5      | Noticed Sigmund
  4534 | D:5      | Noticed Edmund
  4554 | D:4      | Reached XP level 7. HP: 22/44 MP: 7/7
  4860 | D:4      | Killed Edmund
  4861 | D:4      | Reached skill level 5 in Armour
  4861 | D:4      | Reached skill level 5 in Shields
  4861 | D:4      | Reached skill level 1 in Evocations
  5189 | D:5      | Reached skill level 5 in Axes
  5450 | D:5      | Killed Sigmund
  5451 | D:5      | Reached XP level 8. HP: 22/48 MP: 8/8
  6618 | D:6      | Reached skill level 5 in Fighting
  6685 | D:6      | Found a staircase to the Ecumenical Temple.
  6692 | Temple   | Entered the Ecumenical Temple
  6810 | Temple   | Became a worshipper of Warmaster Okawaru
  7035 | D:6      | Noticed a troll
  7052 | D:6      | Killed a troll
  7052 | D:6      | Reached * piety under Okawaru
  7053 | D:6      | Reached XP level 9. HP: 36/54 MP: 9/9
  8350 | D:7      | Found a shimmering blue altar of Sif Muna.
  8382 | D:7      | Reached ** piety under Okawaru
  8500 | D:7      | Found a broken altar of Ashenzari.
  8544 | D:7      | Found a flagged portal.
  8588 | Bailey   | Entered a bailey
  9033 | Bailey   | Slain by a gnoll

Illustrated notes

Levels and vault maps discovered:
D:1:      dpeg_arrival_arbitrary_a, layout_basic,
          shapermc_ecumenical_altar_acropolis, minmay_split_cup_small
D:2:      layout_basic, uniq_robin
D:3:      layout_rooms, lemuel_round_altar, nicolae_overflow_crystal_walls,
          grunt_gozag_statues, hangedman_decor_peaks_small
D:4:      layout_basic, jmf_multi_god_temple, gup_sewer_entry_bowl,
          minmay_misc_feat_tiny
D:5:      layout_rooms, uniq_sigmund, uniq_edmund
D:6:      kennysheep_big_flooded_room, layout_basic,
          minmay_temple_entry_butterflies, lemuel_flame_loot_1
D:7:      layout_basic, lemuel_crystal_altar, old_standard_altar, enter_bailey_5
Temple:   regret_index_temple_generic_petals
Bailey:   bailey_polearm_gnolls_kennysheep, bailey

Skill      XL: |  1  2  3  4  5  6  7  8  9 |
---------------+----------------------------+-----
Axes           | 2 3 4 5 6 7 |  7.4
Fighting       | 4 5 |  5.7
Armour         | 4 5 6 |  6.8
Shields        | 4 5 6 7 |  7.0
Evocations     | 1 3 4 |  4.1
Stealth        | |  0.5

Action                   |  1- 3 |  4- 6 |  7- 9 || total
-------------------------+-------+-------+-------++-------
Melee: War axe           |    59 |       |       ||    59
       Hand axe          |    39 |   267 |   312 ||   618
  Use: Scroll            |     4 |     3 |     6 ||    13
       Potion            |       |       |     2 ||     2
Armor: Scale mail        |    48 |   111 |    26 ||   185
       Chain mail        |       |       |   155 ||   155
Dodge: Dodged            |    45 |    90 |   110 ||   245
Block: Buckler           |    32 |   162 |   254 ||   448
       Reflection        |       |     4 |     6 ||    10

Table legend: (Time is in decaauts)
 A = Elapsed time spent in this place.
 B = Non-inter-level travel time spent in this place.
 C = Inter-level travel time spent in this place.
 D = Time resting spent in this place.
 E = Time spent auto-exploring this place.
 F = Levels seen in this place.
 G = Mean time per level.
                   A        B        C        D        E       F      G
               +--------+--------+--------+--------+--------+-----+--------+
         Total |   9194 |   9141 |     53 |   2357 |   5035 |  10 |  919.4 |
       Dungeon |   8058 |   8032 |     26 |   2006 |   4520 |   7 | 1151.1 |
        Temple |    146 |    119 |     27 |      0 |    107 |   1 |  146.0 |
         Sewer |    547 |    547 |      0 |      0 |    393 |   1 |  547.0 |
        Bailey |    442 |    442 |      0 |    351 |     14 |   1 |  442.0 |
               +--------+--------+--------+--------+--------+-----+--------+

Top non-repeatable levels by time:
     D:4: 1854 daAuts
     D:6: 1628 daAuts
     D:5: 1211 daAuts
     D:2: 1178 daAuts
     D:3: 1006 daAuts
     D:1: 882 daAuts
   Sewer: 547 daAuts
  Bailey: 442 daAuts
     D:7: 297 daAuts
  Temple: 146 daAuts
